 Dungeon Sprint DCSS version 0.27.1-1-g398f81649c (webtiles) character file.

Game seed: 14844787520000108753

777 styxcanada the Unseen (level 7, -16/39 HPs)
             Began as a Spriggan Brigand on Sept 6, 2021.
             Was an Initiate of Gozag.
             Demolished by a bog body (20 damage)
             ... in the Dungeon (Sprint VII: "The Pits").
             The game lasted 00:06:23 (1240 turns).

styxcanada the Unseen (Spriggan Brigand)            Turns: 1240, Time: 00:06:25

Health: -16/39     AC:  3    Str:  7    XL:     7   Next: 54%
Magic:  8/8        EV: 23    Int: 13    God:    Gozag
Gold:   1197       SH:  0    Dex: 18    Spells: 6/6 levels left

rFire    . . .     SeeInvis +   n - +1 dagger (venom)
rCold    . . .     Faith    .   (shield restricted)
rNeg     . . .     Spirit   .   b - +0 robe
rPois    .         Reflect  .   (helmet restricted)
rElec    .         Harm     .   c - +0 cloak
rCorr    .         Rampage  .   (gloves unavailable)
Will     +....     NoTele   +   (boots unavailable)
Stlth    +++++++...             (no amulet)
HPRegen  0.13/turn              (no ring)
MPRegen  0.11/turn              (no ring)

@: very quick
A: very small, no large weapons, unfitting armour, see invisible, speed 3
a: Renounce Religion, Potion Petition, Call Merchant, Bribe Branch


You were in the Dungeon.
You worshipped Gozag.
Gozag was most pleased with you.
You visited 1 branch You collected 1197 gold pieces.

Inventory:

Hand Weapons
 a - a +2 dagger
 n - a +1 dagger of venom (weapon)
 o - a +0 long sword of flaming
Missiles
 d - 4 poisoned darts
 e - a curare-tipped dart
 m - 10 stones (quivered)
Armour
 b - a +0 robe (worn)
 c - a +0 cloak (worn)
Scrolls
 k - a scroll of blinking
Potions
 f - 6 potions of curing
 g - 5 potions of heal wounds
 h - a potion of haste
 i - 4 potions of magic
 j - 2 potions of berserk rage
 l - 2 potions of invisibility


   Skills:
 * Level 5.1 Fighting
 + Level 5.6 Short Blades
 + Level 5.7 Throwing
 * Level 8.5 Dodging
 * Level 18.1 Stealth


You had 6 spell levels left.
You didn't know any spells.
Your spell library was empty.

Dungeon Overview and Level Annotations

Branches:
Dungeon (1/1)

Altars:
Ashenzari
Cheibriados
Dithmenos
Elyvilon
Fedhas
Gozag
Hepliaklqana
Kikubaaqudgha
Makhleb
Nemelex Xobeh
Okawaru
Qazlal
Ru
Sif Muna
Trog
Uskayaw
Vehumet
Wu Jian
Xom
Yredelemnul
Zin
The Shining One
Beogh
Jiyva
Lugonu


Innate Abilities, Weirdness & Mutations

You are very small and have problems with some larger weapons.
You are too small for most types of armour.
You have supernaturally acute eyesight. (SInv)
You cover ground extremely quickly. (Speed+++)


Message History

The quasit closely misses you.
You hit the quasit but do no damage.
The quasit looks as sick as possible!
The quasit is almost dead.
You kill the quasit!
You have reached level 7!
You now have 1134 gold pieces (gained 81).
There is an open door here.
You start resting.
HP restored.
You open the door.
A freezing wraith comes into view.
There is an open door here.
The helpless freezing wraith fails to defend itself.
You perforate the freezing wraith like a sieve!!!!
You destroy the freezing wraith!
You feel your dexterity returning.
Your Fighting skill increases to level 5!
Your Short Blades skill increases to level 5!
Your Dodging skill increases to level 8!
Your Stealth skill increases to level 18!
You now have 1197 gold pieces (gained 63).
You start waiting.
Done waiting.
You open the door.
A ball python, a gargoyle and a bog body come into view.
The gargoyle is wielding a +1 dire flail of holy wrath.
There is an open door here.
You hit the bog body.
The bog body is lightly damaged.
You hit the bog body.
The bog body is lightly damaged.
The bog body touches you! The bog body freezes you!!
You hit the bog body but do no damage.
The bog body is lightly damaged.
The bog body touches you!
* * * LOW HITPOINT WARNING * * *
The bog body freezes you!!
Ouch! That really hurt!
You die...
Your body crumbles into a pile of gold.

#.##'#..#'###...<...#
#.#..).....##.......#
#.#........##.......#
#'###########.......#
#.......# #########
#..#.#..# #####
#)##.##.# ..S.#
#.......#+#....#
#.##.##.#.@n..9+
#..#.#..#'#....#
#.......'.#....#
################


You could see a bog body, a gargoyle (dormant) and a ball python (asleep).

Vanquished Creatures
  A freezing wraith (D)
  A water moccasin (D)
  A floating eye (D)
  Duvessa (D)
  Dowan (D)
  A quasit (D)
  An orc priest (D)
  3 iguanas (D)
  A river rat (D)
  An adder (D)
  An ufetubus (D)
  An adder skeleton (D)
  2 orcs (D)
  An endoplasm (D)
  2 ball pythons (D)
  A ball python skeleton (D)
  A rat (D)
21 creatures vanquished.

Notes
Turn   | Place    | Note
-------+----------+-------------------------------------------
     0 | D        | styxcanada the Spriggan Brigand began the quest for the
                  | Orb.
     0 | D        | Reached XP level 1. HP: 10/10 MP: 2/2
    17 | D        | Reached skill level 6 in Stealth
   120 | D        | Found a bloodstained altar of Trog.
   120 | D        | Found a shimmering blue altar of Sif Muna.
   120 | D        | Found a viscous altar of Jiyva.
   120 | D        | Found a hazy altar of Hepliaklqana.
   120 | D        | Found an opulent altar of Gozag.
   121 | D        | Found a glowing golden altar of the Shining One.
   121 | D        | Found a glowing silver altar of Zin.
   121 | D        | Found a basalt altar of Yredelemnul.
   121 | D        | Found a shimmering altar of Xom.
   121 | D        | Found an ornate altar of the Wu Jian Council.
   121 | D        | Found a sacrificial altar of Ru.
   121 | D        | Found a stormy altar of Qazlal.
   121 | D        | Found an iron altar of Okawaru.
   121 | D        | Found a sparkling altar of Nemelex Xobeh.
   121 | D        | Found a burning altar of Makhleb.
   121 | D        | Found a blossoming altar of Fedhas.
   121 | D        | Found a white marble altar of Elyvilon.
   121 | D        | Found a shadowy altar of Dithmenos.
   121 | D        | Found a snail-covered altar of Cheibriados.
   122 | D        | Found a radiant altar of Vehumet.
   122 | D        | Found a corrupted altar of Lugonu.
   123 | D        | Found an ancient bone altar of Kikubaaqudgha.
   123 | D        | Found a hide-covered altar of Uskayaw.
   123 | D        | Found a broken altar of Ashenzari.
   125 | D        | Became a worshipper of Gozag Ym Sagoz the Greedy
   153 | D        | Reached skill level 8 in Stealth
   153 | D        | Reached XP level 2. HP: 15/15 MP: 3/3
   158 | D        | Noticed a floating eye
   161 | D        | Reached skill level 9 in Stealth
   161 | D        | Paralysed by a floating eye for 4 turns
   172 | D        | Paralysed by a floating eye for 3 turns
   184 | D        | Paralysed by a floating eye for 4 turns
   195 | D        | Paralysed by a floating eye for 4 turns
   196 | D        | Killed a floating eye
   197 | D        | Reached skill level 12 in Stealth
   197 | D        | Reached XP level 3. HP: 11/19 MP: 4/4
   197 | D        | Reached XP level 4. HP: 13/23 MP: 5/5
   201 | D        | Reached skill level 13 in Stealth
   429 | D        | Reached skill level 5 in Dodging
   429 | D        | Reached XP level 5. HP: 27/28 MP: 6/6
   700 | D        | Noticed Dowan
   701 | D        | Noticed a water moccasin
   704 | D        | Killed Dowan
   705 | D        | Reached skill level 14 in Stealth
   705 | D        | Noticed Duvessa
   726 | D        | Reached skill level 15 in Stealth
   745 | D        | Killed Duvessa
   746 | D        | Reached skill level 16 in Stealth
   746 | D        | Reached XP level 6. HP: 21/33 MP: 7/7
   834 | D        | Killed a water moccasin
   835 | D        | Reached skill level 5 in Throwing
   835 | D        | Reached skill level 17 in Stealth
  1038 | D        | Reached XP level 7. HP: 27/38 MP: 8/8
  1131 | D        | Noticed a freezing wraith
  1133 | D        | Killed a freezing wraith
  1134 | D        | Reached skill level 5 in Fighting
  1134 | D        | Reached skill level 5 in Short Blades
  1134 | D        | Reached skill level 18 in Stealth
  1236 | D        | Noticed a gargoyle
  1236 | D        | Noticed a bog body
  1240 | D        | Demolished by a bog body

Illustrated notes

Levels and vault maps discovered:
D:        pitsprint [storerooms_1, entrance_room_1, metal_vault_3, armoury_2,
          mini_pit_1, grid_room_1, main_hall_1, silver_pit, the_coven_2,
          the_vestibule_1, steel_vault_3, golden_pit, hallway_of_sentries,
          crystal_vault_1, iron_vault_1, final_vault]

Skill      XL: |  1  2  3  4  5  6  7 |
---------------+----------------------+-----
Dodging        | 2 4 5 6 7 8 |  8.5
Stealth        | 8 12 13 16 17 18 | 18.1
Fighting       | 2 3 4 5 |  5.1
Short Blades   | 3 4 5 |  5.6
Throwing       | 3 4 5 |  5.7

Action                   |  1- 3 |  4- 6 |  7- 9 || total
-------------------------+-------+-------+-------++-------
Melee: Dagger            |    14 |    54 |     4 ||    72
Throw: Dart              |     3 |    17 |       ||    20
       Stone             |       |     3 |       ||     3
  Use: Potion            |       |     2 |       ||     2
 Stab: Sleeping          |     3 |     4 |     1 ||     8
Armor: Robe              |     5 |    16 |       ||    21
Dodge: Dodged            |     9 |    62 |       ||    71
